 Dungeon Crawl Stone Soup version 0.22.0-49-gab54619674 (webtiles) character file.

272802 IceCat the Earth Mage (level 20, -1/126 HPs)
             Began as a Gargoyle Earth Elementalist on Sept 3, 2018.
             Was the Champion of Vehumet.
             Slain by a vampire knight
             ... wielding a +0 war axe
              (21 damage)
             ... while paralysed by a vampire knight
             ... on level 15 of the Dungeon.
             The game lasted 06:03:43 (50189 turns).

IceCat the Earth Mage (GrEE)                       Turns: 50189, Time: 06:03:44

Health: -1/126     AC: 33    Str: 18 (19) XL:     20   Next: 67%
Magic:  39/39      EV:  2    Int: 27 (28) God:    Vehumet [******]
Gold:   897        SH:  0    Dex: 12      Spells: 5/50 levels left

rFire    + + .     SeeInvis +   b - +3 spear of Premature Burial {pierce, +Fly Str+6 Int+6}
rCold    + . .     Gourm    .   Q - +1 buckler {rN+}
rNeg     + + .     Faith    .   O - +2 ring mail {MR+}
rPois    ∞         Spirit   .   e - +2 helmet {SInv}
rElec    +         Reflect  .   Z - scarf {rC+ rF+}
rCorr    +         Harm     .   g - +0 pair of gloves
MR       ++...                  R - +2 pair of boots {Stlth+}
Stlth    ++........             v - amulet of magic regeneration
HPRegen  0.31/turn              J - ring of protection from fire
MPRegen  0.51/turn              c - ring of resist corrosion

@: paralysed, flying
A: big wings, molten scales 1, deterioration 1, negative energy resistance 1,
electricity resistance, unbreathing, petrification resistance, rot immunity, AC
+15
}: 1/15 runes: decaying
a: Stop Flying, Renounce Religion


You were on level 15 of the Dungeon.
You worshipped Vehumet.
Vehumet was exalted by your worship.
You were very hungry.

You visited 8 branches of the dungeon, and saw 36 of its levels.
You visited the Abyss 1 time.
You also visited: Ossuary and Volcano.

You collected 3209 gold pieces.
You spent 2312 gold pieces at shops.

Inventory:

Hand Weapons
 b - the +3 spear of Premature Burial (weapon) {pierce, +Fly Str+6 Int+6}
   (You took it off a crimson imp on level 10 of the Dungeon)

   It inflicts extra damage upon your enemies.
   It affects your strength (+6).
   It affects your intelligence (+6).
   It lets you fly.
Missiles
 H - 357 stones (quivered)
Armour
 e - a +2 helmet of see invisible (worn)
 g - a +0 pair of gloves (worn)
 t - the +15 Maxwell's patent armour {-Cast -Tele rElec MR+ rCorr}
   (You found it on level 2 of the Vaults)

   It insulates you from electricity.
   It affects your resistance to hostile enchantments.
   It prevents spellcasting.
   It prevents most forms of teleportation.
   It provides partial protection from all sources of acid and corrosion.
 x - a scarf of repulsion
 O - a +2 ring mail of magic resistance (worn)
 Q - a +1 buckler of positive energy (worn)
 R - a +2 pair of boots of stealth (worn)
 Z - a scarf of resistance (worn)
Jewellery
 c - a ring of resist corrosion (right hand)
 k - an uncursed ring of positive energy
 v - an amulet of magic regeneration (around neck)
 J - a ring of protection from fire (left hand)
 M - an uncursed ring of protection from fire
Wands
 f - a wand of disintegration (22)
 S - a wand of acid (16)
 V - a wand of digging (22)
 W - a wand of paralysis (47)
 Y - a wand of iceblast (23)
Scrolls
 a - 8 scrolls of teleportation
 j - 22 scrolls of remove curse
 n - a scroll of noise
 o - 12 scrolls of identify
 q - a scroll of amnesia
 B - 4 scrolls of fear
 C - 5 scrolls of enchant armour
 F - 2 scrolls of magic mapping
 I - 3 scrolls of immolation
 L - 3 scrolls of enchant weapon
 P - 2 scrolls of fog
Potions
 h - a potion of resistance
 i - 6 potions of haste
 l - 4 potions of brilliance
 m - 15 potions of curing
 p - 4 potions of heal wounds
 s - 2 potions of agility
 u - 4 potions of ambrosia
 w - 4 potions of berserk rage
 z - 5 potions of might
 A - 3 potions of cancellation
 D - 5 potions of invisibility
 T - a potion of magic
 U - 4 potions of mutation
Miscellaneous
 G - a phial of floods
 K - a sack of spiders
Comestibles
 d - 32 rations


   Skills:
 + Level 13.7 Fighting
   Level 1.7 Short Blades
 - Level 1.0 Polearms
 + Level 7.4 Armour
 + Level 6.7 Dodging
 + Level 4.2 Stealth
 + Level 6.3 Shields
 - Level 0.2 Unarmed Combat
 + Level 15.5 Spellcasting
 + Level 16.1 Conjurations
 - Level 5.0 Hexes
 - Level 5.5 Charms
 * Level 4.1 Translocations
 + Level 0.8 Transmutations
 * Level 10.9 Fire Magic
 - Level 2.0 Air Magic
 + Level 19.2 Earth Magic
 * Level 10.3 Evocations


You had 5 spell levels left.
You knew the following spells:

 Your Spells              Type           Power        Failure   Level  Hunger
a - Sandblast             Erth           ######       0%          1    None
b - Stone Arrow           Conj/Erth      ######       0%          3    None
c - Passwall              Tmut/Erth      ######..     1%          2    None
d - Lee's Rapid Deconstr  Erth           #######...   1%          5    None
e - Fulminant Prism       Conj/Hex       ######....   1%          4    None
f - Swiftness             Chrm/Air       #####...     1%          2    None
g - Lehudib's Crystal Sp  Conj/Erth      #######...   5%          8    #######
h - Bolt of Magma         Conj/Fire/Erth #######...   1%          5    None
i - Orb of Destruction    Conj           #######...   1%          7    #####..
j - Iron Shot             Conj/Erth      #######...   1%          6    ####...
k - Blink                 Tloc           N/A          1%          2    None

Your spell library contained the following spells:

 Spells                   Type           Power        Failure   Level  Hunger
 Chain Lightning          Conj/Air       ######....   80%         8    #######
 Tornado                  Air            ####......   100%        9    #######
 Magic Dart               Conj           ####         0%          1    None
 Apportation              Tloc           #####.       1%          1    None
 Corona                   Hex            #####..      1%          1    None
 Shock                    Conj/Air       ####         1%          1    None
 Slow                     Hex            #####...     1%          2    None
 Conjure Flame            Conj/Fire      #######.     1%          3    None
 Inner Flame              Hex/Fire       ######..     1%          3    None
 Mephitic Cloud           Conj/Pois/Air  ######..     1%          3    None
 Portal Projectile        Hex/Tloc       #####.       1%          3    None
 Static Discharge         Conj/Air       ######..     1%          3    None
 Tukima's Dance           Hex            #####...     1%          3    None
 Leda's Liquefaction      Hex/Erth       ######....   1%          4    None
 Petrify                  Tmut/Erth      ######..     1%          4    None
 Lightning Bolt           Conj/Air       ######....   1%          5    None
 Lesser Beckoning         Tloc           #####.....   2%          3    None
 Summon Butterflies       Summ           ###.....     4%          1    None
 Airstrike                Air            ####......   4%          4    None
 Cause Fear               Hex            #####.....   4%          4    None
 Call Imp                 Summ           ###.....     6%          2    None
 Alistair's Intoxication  Tmut/Pois      ###.....     67%         5    None
 Shatter                  Erth           #######...   36%         9    #######
 Invisibility             Hex            #####...     58%         6    ####...
 Statue Form              Tmut/Erth      Unusable     N/A         6    N/A

Dungeon Overview and Level Annotations

Branches:
Dungeon (15/15)            Temple (1/1) D:7            Lair (6/6) D:9
  Swamp (4/4) Lair:3        Snake (3/4) Lair:3        Slime (0/5) Lair:6
    Orc (2/2) D:10            Elf (0/3) Orc:2        Vaults (4/5) D:13
  Crypt (0/3) Vaults:3     Depths (1/5) D:15

Altars:
Ashenzari
Cheibriados
Dithmenos
Elyvilon
Fedhas
Gozag
Hepliaklqana
Kikubaaqudgha
Makhleb
Nemelex Xobeh
Okawaru
Qazlal
Ru
Sif Muna
Trog
Uskayaw
Vehumet
Wu Jian
Xom
Yredelemnul
Zin
The Shining One
Beogh
Jiyva

Shops:
D:11 [   D:13 }   Orc:1 *[[   Orc:2 [:==   Vaults:1 *%[   Vaults:2 [

Annotations:
D:3 Grinder
Lair:5 Hyotieqe's ghost, adept MiFi


Innate Abilities, Weirdness & Mutations

You are resistant to torment.
Your stone body is resilient. (AC +15)
You are immune to poison.
Your large and strong wings let you fly indefinitely.
You resist negative energy. (rN+)
You are resistant to electric shocks. (rElec)
You can survive without breathing.
You are immune to petrification.
You are immune to rotting.
You are partially covered in molten scales. (AC +2)
Your body sometimes deteriorates upon taking damage.


Message History

The vampire knight bites you but does no damage.
The vampire knight gestures wildly while chanting.
The vampire knight flickers and vanishes for a moment.
The vampire knight hits you from afar with a halberd!
The vampire knight hits you with a war axe!
The vampire knight bites you but does no damage.
The vampire knight hits you but does no damage.
The vampire knight bites you but does no damage.
The vampire knight hits you from afar with a glaive!!
* * * LOW HITPOINT WARNING * * *
Your body deteriorates!
You feel dopey.
The vampire knight hits you from afar with a halberd!
* * * LOW HITPOINT WARNING * * *
Your body deteriorates!
You feel weakened.
The vampire knight completely misses you.
The vampire knight bites you but does no damage.
The vampire knight hits you but does no damage.
The vampire knight bites you but does no damage.
The vampire knight hits you with a war axe!!
You die...

.###'###..# #####.###.#####.# .#
#.# #.####..8.....8## #.# .###.#
#.###.....P.....## #.##### .'...#
#.##.............# #...... .#####
#.##.........P...# ####### .#
#.##P............#
'#######.........V8.....##
.........#......V>..8.P..#######
#..<.....##.....@V.............##
#.......###.P....P}..............
........###..8.8V.......######.##
##...#####.........8=...######.##
#..## #.##8...P....)8##........
#..# #.#..8......88....####.#.
##..#####.#.#.###(.#...(....##.#.
........##..#.##.#.#..#####.##.#.
............#.#.##.#..# #.##.#.


You could see 4 vampire knights.

Vanquished Creatures
  A bone dragon (Swamp:4)
  Rupert (Snake:1)
  The ghost of Hyotieqe the Hoplite, an adept MiFi of Trog (Lair:5)
  Agnes (Snake:1)
  A sphinx (Vaults:4)
  A thorn hunter (Swamp:1)
  Frances (Snake:1)
  A storm dragon (Vaults:4)
  Kirke (Swamp:2)
  2 nagarajas
  A revenant (Vaults:3)
  Louise (D:14)
  2 fire giants
  A deep elf sorcerer (Vaults:3)
  4 vault wardens
  6 ironheart preservers
  A stone giant (Vaults:3)
  2 very ugly things
  An entropy weaver (Vaults:1)
  A deep elf demonologist (Vaults:4)
  3 deep elf annihilators
  Azrael (Snake:2)
  Snorg (D:13)
  An ettin (Vaults:2)
  3 deep elf death magi
  A quicksilver dragon zombie (D:15)
  6 yaktaur captains
  2 fire dragons
  The ghost of Imisaob the Grappler, a journeyman TrBe of Trog (Lair:2)
  11 hydras
  Josephine (D:10)
  Erolcha (D:10)
  A great orb of eyes (Vaults:2)
  3 ice dragons
  6 vault guards
  2 rakshasas
  An ice dragon (shapeshifter) (Vaults:3)
  9 naga warriors
  6 anacondas
  A catoblepas (Lair:1)
  16 two-headed ogres
  13 alligators
  9 ogre magi
  2 ghost crabs
  9 centaur warriors
  A merfolk avatar (Lair:6)
  3 death knights
  The ghost of Waycsuqi the Spear-Bearer, a novice CeFi of Uskayaw (Lair:1)
  2 death yaks (Lair:4)
  Urug (D:10)
  3 vampire magi
  5 orc high priests (Orc:2)
  A spectral death yak (Lair:2)
  11 naga sharpshooters
  2 thrashing horrors (Abyss:3)
  5 shock serpents
  A shadow wraith (Vaults:4)
  3 deep elf knights
  9 spriggans
  8 skeletal warriors
  A spark wasp zombie (D:15)
  2 flayed ghosts
  A salamander mystic (Snake:2)
  2 glowing orange brains (Vaults:1)
  2 swamp dragons
  3 shambling mangroves
  A deep troll (Vaults:4)
  3 spriggan druids
  5 spectral hydras
  A sphinx zombie (D:15)
  11 ironbrand convokers
  6 wizards
  6 deep elf archers
  A death drake (Swamp:4)
  A naga ritualist (Snake:3)
  9 harpies
  14 orc knights
  A fire giant zombie (D:15)
  3 necromancers
  5 phantasmal warriors
  3 mana vipers
  A wolf spider zombie (D:14)
  9 deep elf magi
  An oklob plant (Snake:1)
  An orc sorcerer (Vaults:2)
  23 ugly things
  A frost giant zombie (Vaults:2)
  4 manticores
  A tengu skeleton (Vaults:2)
  8 cyclopes
  7 salamanders
  The ghost of Zarkath the Covert, a novice SpEn of Gozag (D:7)
  4 wolf spiders
  A human skeleton (Vaults:2)
  Maurice (Orc:1)
  20 elephants
  3 guardian serpents (Snake:3)
  11 vault sentinels
  A torpor snail (Lair:3)
  23 black mambas
  26 spiny frogs
  10 naga magi
  A gargoyle (D:14)
  9 komodo dragons
  A human zombie (Vaults:2)
  3 efreet
  3 swamp worm zombies (Swamp:4)
  A komodo dragon (shapeshifter) (Vaults:3)
  6 rime drakes
  A rime drake (shapeshifter) (Vaults:4)
  A kobold demonologist (D:13)
  8 freezing wraiths
  17 yaktaurs
  3 hydra zombies
  3 trolls (Orc:1)
  A meliai (shapeshifter) (Vaults:1)
  A tengu conjurer (D:13)
  12 hornets
  5 polar bears
  A raiju (shapeshifter) (Vaults:3)
  15 tyrant leeches
  46 slime creatures
  25 blink frogs
  5 alligator zombies (Swamp:4)
  A hippogriff (shapeshifter) (Vaults:1)
  6 bog bodies
  12 hippogriffs
  3 spectral swamp dragons (Swamp:4)
  10 wraiths
  A tarantella (Vaults:1)
  2 shadows (Swamp:2)
  2 redbacks (Vaults:1)
  5 wyverns
  6 fire bats (Volcano)
  52 yaks
  3 fire elementals
  2 steam dragons
  2 hungry ghosts
  9 vampire mosquitoes
  A spectral spiny frog (Lair:2)
  23 insubstantial wisps
  5 wargs
  19 nagas
  16 swamp worms
  13 water moccasins
  2 acid dragons
  7 hell hounds
  A soldier ant (D:13)
  2 hydra simulacra (Lair:2)
  43 orc warriors
  10 porcupines
  9 swamp drakes
  2 sky beasts
  9 ice beasts
  8 phantoms
  3 necrophages
  A black mamba simulacrum (Lair:2)
  5 swamp dragon zombies (Swamp:4)
  2 black bears
  6 boggarts
  An eye of draining (D:11)
  25 ogres
  27 centaurs
  10 wolves
  12 crocodiles
  3 big kobolds
  An earth elemental (Volcano)
  2 gnoll sergeants
  14 bullfrogs
  A glowing shapeshifter simulacrum (Vaults:2)
  A wyvern skeleton (D:7)
  8 scorpions
  19 killer bees
  A swamp dragon simulacrum (Swamp:2)
  12 wights
  11 howler monkeys
  6 lava snakes (Volcano)
  A torpor snail simulacrum (Lair:2)
  10 crimson imps
  7 centaur zombies
  A quasit (D:13)
  8 hounds
  6 jellies
  6 bullfrog skeletons
  A bullfrog zombie (D:8)
  24 orc priests
  30 orc wizards
  4 centaur skeletons
  4 iguanas
  Ijyb (D:3)
  8 worker ants
  A hound zombie (D:7)
  13 mummies (Ossuary)
  A worker ant zombie (D:13)
  A howler monkey zombie (D:11)
  Robin (D:3)
  14 gnolls
  16 adders
  A swamp drake zombie (Swamp:4)
  8 shadow imps
  A white imp (Abyss:3)
  A swamp drake simulacrum (Swamp:2)
  An adder skeleton (D:6)
  An adder zombie (D:6)
  3 worms
  3 dart slugs
  6 leopard geckos
  115 orcs
  8 giant cockroaches
  18 goblins
  12 hobgoblins
  10 jackals
  7 quokkas
  A ball python (D:1)
  17 bats
  7 frilled lizards
  A gnoll skeleton (Ossuary)
  2 goblin skeletons (Ossuary)
  A jackal zombie (D:3)
  24 kobolds
  3 kobold skeletons (Ossuary)
  2 orc skeletons (Ossuary)
  8 rats
  11 rat skeletons (Ossuary)
  2 crawling corpses (Vaults:2)
  2 plants (Snake:1)
1494 creatures vanquished.

Vanquished Creatures (collateral kills)
  An ironheart preserver (Vaults:4)
  A vault sentinel (Vaults:1)
  A hornet (Lair:5)
  A spriggan (Lair:5)
  2 boggarts (Vaults:1)
  A centaur (Vaults:1)
7 creatures vanquished.

Vanquished Creatures (others)
  2 slime creatures (Swamp:1)
  2 insubstantial wisps (Swamp:2)
  202 fulminant prisms
  19 fungi
  39 plants
  6 starspawn tentacles (Abyss:3)
  A withered plant (D:15)
271 creatures vanquished.

Grand Total: 1772 creatures vanquished

Notes
Turn   | Place    | Note
-------+----------+-------------------------------------------
     0 | D:1      | IceCat the Gargoyle Earth Elementalist began the quest for
                  | the Orb.
     0 | D:1      | Reached XP level 1. HP: 10/10 MP: 3/3
   159 | D:1      | Reached skill level 4 in Earth Magic
   159 | D:1      | Reached XP level 2. HP: 11/15 MP: 0/5
   348 | D:1      | Reached XP level 3. HP: 11/19 MP: 0/6
   646 | D:1      | Learned a level 3 spell: Stone Arrow
   649 | D:1      | Learned a level 2 spell: Passwall
  1072 | D:2      | Found a blossoming altar of Fedhas.
  1092 | D:2      | Found a stormy altar of Qazlal.
  1133 | D:2      | Found a shadowy altar of Dithmenos.
  1136 | D:2      | Reached XP level 4. HP: 22/24 MP: 6/8
  1182 | D:2      | Found a sacrificial altar of Ru.
  1404 | D:2      | Reached skill level 1 in Conjurations
  1407 | D:2      | Reached skill level 1 in Short Blades
  1625 | D:3      | Noticed Grinder
  1684 | D:3      | Reached XP level 5. HP: 25/28 MP: 9/9
  1737 | D:3      | Noticed Ijyb
  1831 | D:3      | Killed Ijyb
  1922 | D:3      | Noticed Robin
  2168 | D:3      | Killed Robin
  2441 | D:3      | Reached skill level 5 in Earth Magic
  2561 | D:3      | Reached XP level 6. HP: 33/33 MP: 1/10
  2954 | D:3      | Reached skill level 1 in Armour
  3236 | D:4      | Reached skill level 1 in Fighting
  3307 | D:4      | Reached XP level 7. HP: 23/38 MP: 0/12
  3469 | D:4      | Got a brightly glowing spear
  3470 | D:4      | Identified the cursed +2 spear "Mavien" {protect, *Rage
                  | Str+6 Stlth-} (You found it on level 4 of the Dungeon)
  3555 | D:4      | Reached skill level 6 in Earth Magic
  3669 | D:4      | Reached skill level 1 in Polearms
  3720 | D:4      | Got a bloodstained shortbow
  3724 | D:4      | Identified the cursed +0 shortbow "Beetle's Funeral"
                  | {velocity, Int+5} (You found it on level 4 of the Dungeon)
  3951 | D:5      | Entered Level 5 of the Dungeon
  4254 | D:5      | Found a sand-covered staircase.
  4258 | Ossuary  | Entered an ossuary
  4540 | Ossuary  | Reached XP level 8. HP: 42/43 MP: 13/13
  4852 | D:5      | Reached skill level 7 in Earth Magic
  5389 | D:6      | Found a shattered altar of Ashenzari.
  5642 | D:6      | Reached skill level 8 in Earth Magic
  5680 | D:6      | Reached skill level 5 in Spellcasting
  5764 | D:6      | Reached skill level 5 in Conjurations
  5838 | D:6      | Reached XP level 9. HP: 43/48 MP: 10/16
  6419 | D:7      | Reached skill level 9 in Earth Magic
  6574 | D:7      | Found a runed gate.
  6574 | D:7      | Found a runed gate.
  6574 | D:7      | Found a runed gate.
  6574 | D:7      | Noticed Zarkath's ghost (novice SpEn)
  6610 | D:7      | Found a staircase to the Ecumenical Temple.
  6615 | Temple   | Entered the Ecumenical Temple
  6720 | Temple   | Became a worshipper of Vehumet
  6832 | D:7      | Learned a level 5 spell: Lee's Rapid Deconstruction
  7364 | D:8      | Found an ornate altar of the Wu Jian Council.
  7429 | D:8      | Reached skill level 10 in Earth Magic
  7493 | D:8      | Reached XP level 10. HP: 58/58 MP: 9/19
  7550 | D:8      | Reached * piety under Vehumet
  7550 | D:8      | Offered knowledge of Freeze by Vehumet.
  7581 | D:8      | Got a scorched rapier {pierce}
  7592 | D:8      | Identified the cursed +1 rapier "Niej" {pierce, +Rage Dex-5
                  | Stlth+} (You took it off an orc wizard on level 8 of the
                  | Dungeon)
  7601 | D:8      | Reached skill level 11 in Earth Magic
  8156 | D:8      | Reached skill level 5 in Fighting
  8563 | D:9      | Reached ** piety under Vehumet
  8674 | D:9      | Offered knowledge of Throw Flame by Vehumet.
  8848 | D:9      | Reached skill level 12 in Earth Magic
  8872 | D:9      | Found a shimmering altar of Xom.
  8916 | D:9      | Found a staircase to the Lair.
  9344 | D:10     | Entered Level 10 of the Dungeon
  9403 | D:10     | Offered knowledge of Searing Ray by Vehumet.
  9436 | D:10     | Noticed Erolcha
  9439 | D:10     | Reached XP level 11. HP: 64/64 MP: 20/22
  9582 | D:10     | Noticed a two-headed ogre
  9599 | D:10     | Killed a two-headed ogre
  9599 | D:10     | Reached skill level 1 in Shields
  9844 | Lair:1   | Entered Level 1 of the Lair of Beasts
  9897 | Lair:1   | Noticed Waycsuqi's ghost (novice CeFi)
  9898 | Lair:1   | Found a runed door.
  9900 | Lair:1   | Noticed a spriggan rider
 10074 | Lair:1   | Reached skill level 13 in Earth Magic
 10871 | Lair:2   | Noticed an eight-headed hydra
 10947 | Lair:2   | Reached *** piety under Vehumet
 11092 | Lair:2   | Noticed a catoblepas
 11156 | Lair:1   | Killed a catoblepas
 11369 | Lair:2   | Reached skill level 14 in Earth Magic
 11884 | Lair:2   | Found a runed gate.
 11884 | Lair:2   | Noticed a spectral death yak
 11886 | Lair:2   | Found a runed gate.
 11887 | Lair:2   | Found a runed gate.
 11889 | Lair:2   | Noticed Imisaob's ghost (journeyman TrBe)
 11910 | Lair:2   | Reached XP level 12. HP: 70/70 MP: 13/24
 12263 | Lair:2   | Offered knowledge of Fulminant Prism by Vehumet.
 12578 | Lair:3   | Got an encrusted leather armour
 12594 | Lair:3   | Identified the +1 leather armour of Sovereignty {rPois
                  | rCorr Stlth+} (You found it on level 3 of the Lair of
                  | Beasts)
 12874 | Lair:3   | Found a staircase to the Snake Pit.
 12993 | Lair:3   | Learned a level 4 spell: Fulminant Prism
 13040 | Lair:3   | Killed an eight-headed hydra
 13250 | Lair:3   | Found a staircase to the Swamp.
 13338 | Lair:3   | Reached **** piety under Vehumet
 13338 | Lair:3   | Reached skill level 1 in Hexes
 14067 | Lair:4   | Reached skill level 5 in Shields
 14172 | Lair:4   | Noticed a death yak
 14173 | Lair:4   | Noticed a death yak
 14237 | Lair:4   | Killed a death yak
 14296 | Lair:4   | Learned a level 2 spell: Swiftness
 14560 | Lair:4   | Offered knowledge of Venom Bolt by Vehumet.
 14937 | Lair:4   | Reached XP level 13. HP: 74/74 MP: 9/26
 15242 | Lair:4   | Reached skill level 10 in Conjurations
 15402 | Lair:4   | Reached skill level 15 in Earth Magic
 15536 | Lair:5   | Reached skill level 10 in Spellcasting
 15709 | Lair:5   | Reached skill level 5 in Armour
 15883 | Lair:5   | Found a white marble altar of Elyvilon.
 16224 | Lair:5   | Reached skill level 1 in Charms
 16226 | Lair:5   | Found a runed door.
 16230 | Lair:5   | Noticed Hyotieqe's ghost (adept MiFi)
 17233 | Lair:5   | Identified a scroll of acquirement
 17439 | Lair:6   | Entered Level 6 of the Lair of Beasts
 17624 | Lair:6   | Found a viscous altar of Jiyva.
 17624 | Lair:6   | Found a staircase to the Slime Pits.
 17775 | Lair:6   | Reached ***** piety under Vehumet
 17775 | Lair:6   | Offered knowledge of Sticky Flame by Vehumet.
 17776 | Lair:6   | Found a dark tunnel.
 17878 | Volcano  | Entered a volcano
 18388 | Volcano  | Noticed a stone giant
 18887 | Lair:6   | Gained mutation: Your large and strong wings let you fly
                  | indefinitely. [Gargoyle growth]
 18887 | Lair:6   | Reached XP level 14. HP: 80/80 MP: 14/29
 19038 | Lair:6   | Reached skill level 5 in Hexes
 20654 | Lair:6   | Got a scorched short sword
 20655 | Lair:6   | Identified the +11 short sword of the Asp {drain, +Fly rF+
                  | Dex+2 SInv} (You found it on level 6 of the Lair of Beasts)
 21597 | D:7      | Killed Zarkath's ghost
 21756 | D:10     | Killed Erolcha
 21844 | D:10     | Noticed Josephine
 21874 | D:10     | Noticed Urug
 21874 | D:10     | Reached skill level 5 in Dodging
 21877 | D:10     | Reached skill level 1 in Evocations
 21886 | D:10     | Killed Urug
 21907 | D:10     | Killed Josephine
 22054 | D:10     | Got an encrusted spear {pierce}
 22055 | D:10     | Identified the +3 spear of Premature Burial {pierce, +Fly
                  | Str+6 Int+6} (You took it off a crimson imp on level 10 of
                  | the Dungeon)
 22189 | D:10     | Found a staircase to the Orcish Mines.
 22482 | D:11     | Offered knowledge of Spellforged Servitor by Vehumet.
 22751 | D:11     | Found Erileith's Armour Boutique.
 22755 | D:11     | Bought a +1 helmet of see invisible for 198 gold pieces
 23662 | D:11     | Reached skill level 1 in Air Magic
 23727 | D:11     | Found a roughly hewn altar of Beogh.
 23730 | D:11     | Reached XP level 15. HP: 83/88 MP: 19/30
 23927 | D:11     | Learned a level 4 spell: Leda's Liquefaction
 23992 | D:12     | Offered knowledge of Bolt of Fire by Vehumet.
 24237 | D:12     | Reached skill level 5 in Charms
 24910 | D:12     | Learned a level 6 spell: Bolt of Fire
 25602 | Orc:1    | Entered Level 1 of the Orcish Mines
 25847 | Orc:1    | Found Fuoneis's Antique Armour Emporium.
 25855 | Orc:1    | Bought a pair of glowing boots for 187 gold pieces
 25939 | Orc:2    | Entered Level 2 of the Orcish Mines
 26145 | Orc:1    | Found Ugimna's General Store.
 26145 | Orc:1    | Found Niyl's Armour Boutique.
 26145 | Orc:1    | Noticed Maurice
 26157 | Orc:1    | Killed Maurice
 26283 | Orc:1    | Reached skill level 1 in Fire Magic
 26866 | Orc:2    | Offered knowledge of Freezing Cloud by Vehumet.
 27680 | Orc:2    | Found a staircase to the Elven Halls.
 27842 | Orc:2    | Gained mutation: You have large cloven feet. [a neqoxec]
 28058 | Orc:2    | Found Siamoko's Jewellery Shop.
 28058 | Orc:2    | Found Omoz Biump's Armour Shop.
 28059 | Orc:2    | Found Daply's Jewellery Shop.
 28059 | Orc:2    | Found Fabbotse's Book Boutique.
 28079 | Orc:2    | Bought an uncursed amulet of magic regeneration for 360
                  | gold pieces
 28422 | D:13     | Found Uneusuvi's Gadget Shoppe.
 28807 | D:13     | Offered knowledge of Orb of Destruction by Vehumet.
 28838 | D:13     | Learned a level 7 spell: Orb of Destruction
 28893 | D:13     | Found a gate to the Vaults.
 28901 | D:13     | Reached skill level 16 in Earth Magic
 28941 | D:13     | Noticed Snorg
 28960 | D:13     | Killed Snorg
 29470 | Orc:2    | Bought a book of the Earth for 1105 gold pieces
 29478 | Orc:2    | Learned a level 5 spell: Bolt of Magma
 29775 | D:14     | Got an ancient longbow
 29781 | D:14     | Identified the +3 longbow "Jedamopp" {venom, *Drain rElec
                  | Int+4} (You found it on level 14 of the Dungeon)
 30002 | D:14     | Reached skill level 10 in Fighting
 30002 | D:14     | Reached XP level 16. HP: 81/97 MP: 18/32
 30549 | D:15     | Entered Level 15 of the Dungeon
 30620 | D:15     | Found a staircase to the Depths.
 30730 | D:15     | Learned a level 6 spell: Iron Shot
 30897 | D:15     | Noticed Louise
 30913 | D:14     | Cast into level 3 of the Abyss (Louise)
 30996 | Abyss:3  | Noticed a Hell Sentinel
 31098 | Abyss:3  | Noticed a tentacled starspawn
 31119 | Abyss:3  | Noticed a tentacled starspawn
 31165 | Abyss:3  | Noticed an Executioner
 31187 | Abyss:3  | Noticed a tentacled starspawn
 31191 | D:14     | Escaped the Abyss
 31785 | D:14     | Killed Louise
 32213 | D:15     | Offered knowledge of Poison Arrow by Vehumet.
 32377 | D:15     | Reached skill level 5 in Evocations
 32801 | Snake:1  | Entered Level 1 of the Snake Pit
 32938 | Snake:1  | Noticed Agnes
 32941 | Snake:1  | Killed Agnes
 33067 | Snake:1  | Found a blossoming altar of Fedhas.
 33197 | Snake:1  | Noticed Rupert
 33203 | Snake:1  | Killed Rupert
 33203 | Snake:1  | Reached skill level 5 in Fire Magic
 33507 | Snake:1  | Noticed Frances
 33515 | Snake:1  | Killed Frances
 33883 | Snake:2  | Noticed a nagaraja
 33894 | Snake:2  | Killed a nagaraja
 34025 | Snake:2  | Noticed Azrael
 34258 | Snake:2  | Killed Azrael
 34610 | Snake:2  | Reached XP level 17. HP: 104/104 MP: 28/34
 35320 | Swamp:1  | Entered Level 1 of the Swamp
 35539 | Swamp:1  | Offered knowledge of Ozocubu's Refrigeration by Vehumet.
 36012 | Swamp:1  | Reached skill level 17 in Earth Magic
 36640 | Swamp:2  | Noticed Kirke
 36703 | Swamp:2  | Killed Kirke
 37896 | Swamp:3  | Got a brightly glowing leather armour
 37907 | Swamp:3  | Identified the +2 leather armour of Light {+Blink +Fly}
                  | (You found it on level 3 of the Swamp)
 38185 | Swamp:4  | Entered Level 4 of the Swamp
 38353 | Swamp:4  | Lost mutation: You have large cloven feet. [potion of
                  | mutation]
 38353 | Swamp:4  | Gained mutation: Your body sometimes deteriorates upon
                  | taking damage. [potion of mutation]
 38353 | Swamp:4  | Gained mutation: You are partially covered in molten
                  | scales. (AC +2) [potion of mutation]
 38354 | Swamp:4  | Lost mutation: Your body sometimes deteriorates upon taking
                  | damage. [potion of mutation]
 38354 | Swamp:4  | Lost mutation: You are partially covered in molten scales.
                  | (AC +2) [potion of mutation]
 38354 | Swamp:4  | Gained mutation: You are dopey. (Int -2) [potion of
                  | mutation]
 38354 | Swamp:4  | Gained mutation: You have supernaturally acute eyesight.
                  | (SInv) [potion of mutation]
 38354 | Swamp:4  | Lost mutation: You are dopey. (Int -2) [potion of mutation]
 38355 | Swamp:4  | Lost mutation: You have supernaturally acute eyesight.
                  | (SInv) [potion of mutation]
 38355 | Swamp:4  | Gained mutation: Your spells are a little easier to cast,
                  | but a little less powerful. [potion of mutation]
 38355 | Swamp:4  | Gained mutation: You have large cloven feet. [potion of
                  | mutation]
 38356 | Swamp:4  | Lost mutation: Your spells are a little easier to cast, but
                  | a little less powerful. [potion of mutation]
 38356 | Swamp:4  | Lost mutation: You have large cloven feet. [potion of
                  | mutation]
 38356 | Swamp:4  | Gained mutation: Your body sometimes deteriorates upon
                  | taking damage. [potion of mutation]
 38356 | Swamp:4  | Gained mutation: You have large cloven feet. [potion of
                  | mutation]
 38356 | Swamp:4  | Gained mutation: You are partially covered in yellow
                  | scales. (AC +2) [potion of mutation]
 38357 | Swamp:4  | Lost mutation: Your body sometimes deteriorates upon taking
                  | damage. [potion of mutation]
 38357 | Swamp:4  | Lost mutation: You are partially covered in yellow scales.
                  | (AC +2) [potion of mutation]
 38357 | Swamp:4  | Lost mutation: You have large cloven feet. [potion of
                  | mutation]
 38357 | Swamp:4  | Gained mutation: Your magical capacity is low. (-10% MP)
                  | [potion of mutation]
 38357 | Swamp:4  | Gained mutation: You have a pair of small antennae on your
                  | head. [potion of mutation]
 38358 | Swamp:4  | Lost mutation: You have a pair of small antennae on your
                  | head. [potion of mutation]
 38358 | Swamp:4  | Lost mutation: Your magical capacity is low. (-10% MP)
                  | [potion of mutation]
 38358 | Swamp:4  | Gained mutation: Your body sometimes deteriorates upon
                  | taking damage. [potion of mutation]
 38358 | Swamp:4  | Gained mutation: You are partially covered in molten
                  | scales. (AC +2) [potion of mutation]
 38412 | Swamp:4  | Reached ****** piety under Vehumet
 38412 | Swamp:4  | Offered knowledge of Lehudib's Crystal Spear by Vehumet.
 38412 | Swamp:4  | Offered knowledge of Chain Lightning by Vehumet.
 38412 | Swamp:4  | Offered knowledge of Tornado by Vehumet.
 38416 | Swamp:4  | Learned a level 2 spell: Blink
 38759 | Swamp:4  | Reached XP level 18. HP: 51/115 MP: 16/35
 39449 | Swamp:4  | Noticed a bone dragon
 39528 | Swamp:4  | Killed a bone dragon
 39732 | Swamp:4  | Got a decaying rune of Zot
 41633 | Lair:2   | Killed Imisaob's ghost
 41807 | Lair:1   | Killed Waycsuqi's ghost
 41819 | Lair:1   | Got an ichor-stained trident {pierce}
 41865 | Lair:1   | Identified the +7 trident of Suicidal Tendencies {pierce,
                  | rF+ Str-4 Int+4 SInv} (You took it off a spriggan on level
                  | 1 of the Lair of Beasts)
 42019 | Lair:5   | Killed Hyotieqe's ghost
 42023 | Lair:5   | Got a twisted spear {pierce}
 42271 | Lair:5   | Identified the +11 spear of Red Wine {pierce, rPois} (You
                  | took it off a spriggan on level 5 of the Lair of Beasts)
 42632 | Vaults:1 | Entered Level 1 of the Vaults
 42673 | Vaults:1 | Found Hanausmot's Antique Armour Shop.
 42828 | Vaults:1 | Found Ilumoic's Food Boutique.
 42948 | Vaults:1 | Reached skill level 18 in Earth Magic
 42996 | Vaults:1 | Reached skill level 15 in Conjurations
 43148 | Vaults:1 | Reached XP level 19. HP: 61/120 MP: 4/37
 43460 | Vaults:1 | Found Ikoenir's General Store.
 44563 | Vaults:2 | Learned a level 8 spell: Lehudib's Crystal Spear
 44940 | Vaults:2 | HP: 6/120 [yaktaur captain/bolt (34)]
 46224 | Vaults:2 | Found the +15 Maxwell's patent armour {-Cast -Tele rElec
                  | MR+ rCorr}
 46260 | Vaults:2 | Found Diots's Armour Shoppe.
 46268 | Vaults:2 | Bought a +2 ring mail of magic resistance for 462 gold
                  | pieces
 46388 | Vaults:3 | Reached skill level 15 in Spellcasting
 46559 | Vaults:3 | Reached skill level 1 in Translocations
 46641 | Vaults:3 | Reached skill level 10 in Fire Magic
 46816 | Vaults:3 | Found a staircase to the Crypt.
 47416 | Vaults:3 | Reached XP level 20. HP: 124/126 MP: 18/39
 48526 | Vaults:4 | Reached skill level 10 in Evocations
 48864 | Vaults:4 | Reached skill level 19 in Earth Magic
 50101 | Depths:1 | Entered Level 1 of the Depths
 50184 | D:15     | Paralysed by a vampire knight for 6 turns
 50189 | D:15     | Slain by a vampire knight

Skill      XL: |  1  2  3  4  5  6  7  8  9 10 11 12 13 14 15 16 17 18 19 20 |
---------------+-------------------------------------------------------------+-----
Earth Magic    | 4 5 6 8 10 12 14 15 16 17 18 19 | 19.2
Conjurations   | 1 2 3 5 6 7 9 11 12 13 14 15 16 | 16.1
Short Blades   | 1 |  1.7
Dodging        | 2 3 4 5 6 |  6.7
Spellcasting   | 3 5 6 7 8 9 11 12 13 14 15 | 15.5
Armour         | 1 2 3 4 5 6 7 |  7.4
Fighting       | 1 2 4 5 6 8 10 11 13 | 13.7
Polearms       | 1 |  1.0
Stealth        | 3 4 |  4.2
Shields        | 4 5 6 |  6.3
Hexes          | 2 4 5 |  5.0
Charms         | 3 4 5 |  5.5
Evocations     | 2 4 5 7 8 9 10 | 10.3
Air Magic      | 1 2 |  2.0
Fire Magic     | 3 5 7 8 10 | 10.9
Translocations | 2 4 |  4.1
Unarmed Combat | |  0.2
Transmutations | |  0.8

Action                   |  1- 3 |  4- 6 |  7- 9 | 10-12 | 13-15 | 16-18 | 19-21 || total
-------------------------+-------+-------+-------+-------+-------+-------+-------++-------
Melee: Unarmed           |    60 |       |       |       |       |     1 |       ||    61
       Dagger            |    49 |   317 |   105 |    81 |   129 |       |       ||   681
       Spear             |       |       |   132 |       |   433 |   226 |    47 ||   838
       Short sword       |       |       |       |       |     2 |       |       ||     2
 Fire: Shortbow          |       |       |   147 |   153 |       |       |       ||   300
 Cast: Sandblast         |    31 |    45 |   137 |   156 |   112 |   282 |    44 ||   807
       Stone Arrow       |       |    10 |     6 |   218 |   639 |   278 |    30 ||  1181
       Lee's Rapid Decon |       |       |       |     6 |    15 |     3 |    23 ||    47
       Fulminant Prism   |       |       |       |     5 |   114 |    54 |    30 ||   203
       Passwall          |       |       |       |       |     2 |     2 |       ||     4
       Orb of Destructio |       |       |       |       |     7 |    19 |     5 ||    31
       Bolt of Magma     |       |       |       |       |     2 |   296 |   215 ||   513
       Iron Shot         |       |       |       |       |       |   108 |    97 ||   205
       Swiftness         |       |       |       |       |       |     6 |     2 ||     8
       Blink             |       |       |       |       |       |     2 |     3 ||     5
       Lehudib's Crystal |       |       |       |       |       |       |     2 ||     2
 Abil: Fly               |       |       |       |       |     1 |       |       ||     1
       Evoke Blink       |       |       |       |       |       |     9 |       ||     9
Evoke: Wand              |       |       |       |       |    10 |    10 |    14 ||    34
       Phial of floods   |       |       |       |       |       |     3 |     2 ||     5
       Sack of spiders   |       |       |       |       |       |     1 |     1 ||     2
       Phantom mirror    |       |       |       |       |       |     1 |       ||     1
  Use: Scroll            |       |       |     9 |     2 |    26 |    10 |     4 ||    51
       Potion            |       |       |       |       |    11 |     9 |     3 ||    23
 Stab: Paralysed         |       |       |       |       |     1 |       |       ||     1
       Sleeping          |       |       |       |       |     1 |       |       ||     1
       Distracted        |       |       |       |       |       |       |     2 ||     2
  Eat: Chunk             |     1 |     9 |    10 |    22 |    42 |    39 |    37 ||   160
       Ration            |       |       |     1 |     1 |     3 |    11 |       ||    16
Armor: Robe              |    64 |       |       |       |       |       |       ||    64
       Leather armour    |       |   128 |   103 |    33 |   105 |   321 |    61 ||   751
       Ring mail         |       |       |    50 |   142 |   385 |   347 |    44 ||   968
Dodge: Dodged            |   114 |   172 |   174 |   179 |   496 |   586 |   123 ||  1844
Block: Buckler           |       |       |       |    34 |   252 |   298 |    62 ||   646
